 Dungeon Crawl Stone Soup version 0.31-a0-1111-ga3525b893c (webtiles) character file.

Game seed: 13108689354947782748

100 inmateoo the Insei (level 4, 0/35 HPs)
             Began as a Demonspawn Monk on Dec 3, 2023.
             Slain by a jelly (2 damage)
             ... on level 3 of the Dungeon.
             The game lasted 00:01:22 (1401 turns).

inmateoo the Insei (Demonspawn Monk)                Turns: 1401, Time: 00:01:23

Health: 0/35       AC: -3    Str: 13    XL:     4   Next: 46%
Magic:  4/4        EV: 13    Int: 10    God:
Gold:   117        SH:  0    Dex: 16    Spells: 3/3 levels left

rFire   . .          .
                       - Unarmed
rCold   . . .        c - orb {light}
rNeg    . . .        a - +0 robe
rPois   .            (helmet restricted)
rElec   .            (no cloak)
rCorr   .            (no gloves)
SInv    .            (no boots)
Will    .....        (no amulet)
Stlth   +            (no ring)
HPRegen 0.25/turn    (no ring)
MPRegen 0.09/turn

%: no passive effects
@: corroded, glowing
A: antennae 1, thin metallic scales 1, powered by death 1
a: no special abilities


You were on level 3 of the Dungeon.
You visited 1 branch of the dungeon, and saw 3 of its levels.

You collected 117 gold pieces.

Inventory:

Armour
 a - a +0 robe (worn)
 c - an orb of light (worn)
Talismans
 l - a blade talisman
Scrolls
 e - a scroll of teleportation {unknown}
 g - 2 scrolls of amnesia {unknown}
 m - 2 scrolls of identify {unknown}
 n - a scroll of revelation {unknown}
Potions
 b - a potion of ambrosia
 d - a potion of cancellation {unknown}
 f - a potion of magic {unknown}
 h - a potion of resistance {unknown}
 i - a potion of enlightenment {unknown}
 j - a potion of heal wounds {unknown}
 k - a potion of mutation {unknown}
 o - a potion of curing {unknown}


   Skills:
 + Level 3.4 Fighting
 + Level 1.1 Armour
 + Level 3.1 Dodging
 * Level 3.5 Unarmed Combat
 * Level 1.2 Shapeshifting


You had 3 spell levels left.
You didn't know any spells.
Your spell library was empty.

Dungeon Overview and Level Annotations

Branches:
Dungeon (3/15)

Altars:
Ashenzari
Hepliaklqana
Xom


Innate Abilities, Weirdness & Mutations

You have a pair of small antennae on your head.
You are partially covered in thin metallic scales. (AC +2)
You regenerate a little health from kills.


Message History

The jelly closely misses you.
You hit the jelly.
You kill the jelly!
Your Armour skill increases to level 1!
No target in view!
No target in view!
You start resting.
A giant cockroach comes into view.
A giant cockroach is nearby!
The giant cockroach barely misses you.
You hit the giant cockroach.
The giant cockroach is heavily wounded.
The giant cockroach barely misses you.
You hit the giant cockroach.
You kill the giant cockroach!
No target in view!
You start resting.
HP restored.
You open the door.
No target in view!
You swap places.
There is an open door here.
No target in view!
No target in view!
You swap places.
You swap places.
Found 18 gold pieces.
You open the door.
The jelly jiggles.
The jelly barely misses you.
You hit the jelly but do no damage. The acid corrodes you!
Your hands burn!
The jelly hits you.
You are splashed with acid!
You hit the jelly but do no damage. The acid corrodes you!
Your hands burn!
The jelly hits you. The acid corrodes you!
You are splashed with acid!
* * * LOW HITPOINT WARNING * * *
You are too injured to fight recklessly!
You hit the jelly but do no damage.
Your hands burn!
* * * LOW HITPOINT WARNING * * *
The jelly hits you.
You die...

#...# #####..########
### .....##......... ...
.._...#......... #.#
......#......._.
#..#+##+##+####......
#.$#.##.##.#<........
#..#J##'##'#.†.....8.
#.@................
................#+.._...
##.#............#.#.....
#....#.#...#...###...
...#+#.>.......... ...
.... #................
.... ######.######. ....
..#


You could see a jelly.

Vanquished Creatures
  A jelly (D:3)
  2 adders (D:2)
  2 worms (D:2)
  7 endoplasms
  2 giant cockroaches
  3 hobgoblins (D:1)
  5 jackals (D:1)
  2 kobolds (D:1)
  A quokka (D:2)
  6 ball pythons
  5 bats
  2 frilled lizards
  A goblin (D:1)
  6 rats
45 creatures vanquished.

Notes
Turn   | Place    | Note
-------+----------+-------------------------------------------
     0 | D:1      | inmateoo the Demonspawn Monk began the quest for the Orb.
     0 | D:1      | Reached XP level 1. HP: 18/18 MP: 1/1
   156 | D:1      | Gained mutation: You regenerate a little health from kills.
                  | [demonic ancestry]
   156 | D:1      | Reached XP level 2. HP: 24/24 MP: 2/2
   561 | D:1      | Gained mutation: You are partially covered in thin metallic
                  | scales. (AC +2) [demonic ancestry]
   561 | D:1      | Reached XP level 3. HP: 29/29 MP: 3/3
  1020 | D:2      | Reached skill level 1 in Shapeshifting
  1182 | D:2      | Gained mutation: You have a pair of small antennae on your
                  | head. [demonic ancestry]
  1182 | D:2      | Reached XP level 4. HP: 35/35 MP: 4/4
  1357 | D:3      | Found a hazy altar of Hepliaklqana.
  1362 | D:3      | Found a broken altar of Ashenzari.
  1364 | D:3      | Found a shimmering altar of Xom.
  1381 | D:3      | Reached skill level 1 in Armour
  1401 | D:3      | Slain by a jelly

Illustrated notes

Levels and vault maps discovered:
D:1:      dpeg_arrival_round_b, layout_basic, minmay_distorted
D:2:      layout_rooms
D:3:      layout_basic, grunt_temple_overflow_growth_and_decay,
          nicolae_vehumet_radiance, dk_xom_monty_hall,
          grunt_temple_overflow_open, minmay_unequal

Skill      XL: |  1  2  3  4 |
---------------+-------------+-----
Unarmed Combat | 3 |  3.5
Dodging        | 3 |  3.1
Shapeshifting  | 1 |  1.2
Armour         | 1 |  1.1
Fighting       | |  3.4

Action                     |  1- 3 |  4- 6 || total
---------------------------+-------+-------++-------
  Melee: Unarmed           |   113 |    11 ||   124
 Armour: Robe              |    40 |     3 ||    43
  Dodge: Dodged            |    71 |     8 ||    79

Table legend: (Time is in decaauts)
 A = Elapsed time spent in this place.
 B = Non-inter-level travel time spent in this place.
 C = Inter-level travel time spent in this place.
 D = Time resting spent in this place.
 E = Time spent auto-exploring this place.
 F = Levels seen in this place.
 G = Mean time per level.
                   A        B        C        D        E       F      G
               +--------+--------+--------+--------+--------+-----+--------+
         Total |   1393 |   1338 |     55 |    129 |    930 |   3 |  464.3 |
       Dungeon |   1393 |   1338 |     55 |    129 |    930 |   3 |  464.3 |
               +--------+--------+--------+--------+--------+-----+--------+

Top non-repeatable levels by time:
     D:1: 800 daAuts
     D:2: 550 daAuts
     D:3: 43 daAuts
